 Dungeon Crawl Stone Soup version 0.30.1-11-g7821555f0a (webtiles) character file.

Game seed: 6756918236680217356

17 DoomSlayer the Trooper (level 2, -12/24 HPs)
             Began as a Human Berserker on Nov 28, 2023.
             Was a Follower of Trog.
             Killed by divine providence
             ... invoked by an orc priest
              (14 damage)
             ... on level 2 of the Dungeon.
             The game lasted 00:01:30 (288 turns).

DoomSlayer the Trooper (Human Berserker)             Turns: 288, Time: 00:01:30

Health: -12/24     AC:  2    Str: 14 (17) XL:     2   Next: 80%
Magic:  2/2        EV: 12    Int:  4 (7)  God:    Trog [*.....]
Gold:   12         SH:  0    Dex:  9 (12) Spells: 1/1 levels left

rFire   . . .        a - +0 hand axe
rCold   . . .        (no shield)
rNeg    . . .        b - +0 animal skin
rPois   .            (no helmet)
rElec   .            (no cloak)
rCorr   .            (no gloves)
SInv    .            (no boots)
Will    .....        (no amulet)
Stlth   +            (no ring)
HPRegen 0.24/turn    (no ring)
MPRegen 0.08/turn

%: no passive effects
@: no status effects
A: no striking features
a: Renounce Religion, Berserk


You were on level 2 of the Dungeon.
You worshipped Trog.
Trog was aware of your devotion.
You visited 1 branch of the dungeon, and saw 2 of its levels.

You collected 12 gold pieces.

Inventory:

Hand Weapons
 a - a +0 hand axe (weapon)
Armour
 b - a +0 animal skin (worn)


   Skills:
 * Level 3.3 Fighting
 * Level 3.3 Axes
 * Level 2.1 Armour
 * Level 2.0 Dodging
 * Level 0.3 Stealth


You had one spell level left.
You didn't know any spells.
Your spell library was empty.

Dungeon Overview and Level Annotations

Branches:
Dungeon (2/15)

Altars:


Message History

There was something very wrong with that liquid.
You feel weakened.
You feel dopey.
You feel clumsy. The kobold barely misses you.
You hit the kobold.
You kill the kobold!
Trog accepts your kill.
The goblin shoots a sling bullet.
The sling bullet misses you.
You hear a shout!
An orc comes into view. It is wielding a +0 war axe.
The orc shouts!
An orc comes into view. It is wielding a +0 club.
The goblin shoots a sling bullet.
The sling bullet hits you.
* * * LOW HITPOINT WARNING * * *
An orc and an orc priest come into view.
The orc shouts!
The orc priest shouts!
The orc priest casts a cantrip, but nothing happens.
The goblin unwields a +0 sling.
The goblin wields a +0 dagger of electrocution.
You hear the crackle of electricity.
The goblin hits you with a +0 dagger of electrocution.
* * * LOW HITPOINT WARNING * * *
You hit the goblin.
The goblin is moderately wounded.
The goblin barely misses you.
You hit the goblin.
The goblin is almost dead.
The goblin closely misses you.
You hit the goblin.
You kill the goblin!
Trog accepts your kill. The orc barely misses you.
You aren't carrying any potions.
Unknown command.
You aren't carrying any scrolls.
Unknown command.
The orc attacks as you move away! The orc closely misses you.
The orc priest calls down the wrath of Beogh upon you.
Beogh smites you!
Ouch! That really hurt!
You die...

...###.# ...#.). #....#.#.
###....... #......#.
##........
#....###.#####.......## .
#....###..............# ..
...........##.........#...
............#.............
######......#...†).o..#...
# #..........@oo)o..... #
#................##.. #
#......#.........# ##
#......#............ .#
#......#.............
.#####......#......<......
............##............
#.####....................
#..#####......##..


You could see an orc priest and 3 orcs.

Vanquished Creatures
  A dart slug (D:1)
  2 endoplasms
  A goblin (D:2)
  A hobgoblin (D:2)
  A kobold (D:2)
  2 quokkas
  A ball python (D:2)
  3 bats (D:2)
  A frilled lizard (D:1)
13 creatures vanquished.

Notes
Turn   | Place    | Note
-------+----------+-------------------------------------------
     0 | D:1      | DoomSlayer the Human Berserker began the quest for the Orb.
     0 | D:1      | Reached XP level 1. HP: 18/18 MP: 1/1
    45 | D:1      | Found a faded altar of an unknown god.
   130 | D:1      | Reached XP level 2. HP: 21/24 MP: 2/2
   283 | D:2      | HP: 1/24 [goblin/+0 dagger of electrocution (1)]
   288 | D:2      | Killed from afar by an orc priest

Illustrated notes

Levels and vault maps discovered:
D:1:      roderic_dead_forest, layout_loops_corners, serial_shops, shop,
          shapermc_ecumenical_altar_totnotflames
D:2:      minmay_chambers_of_ones, layout_rooms

Action                     || total
---------------------------++-------
  Melee: Hand axe          ||    37
    Use: Potion            ||     1
   Stab: Sleeping          ||     1
 Armour: Animal skin       ||     8
  Dodge: Dodged            ||    34
